 Dungeon Crawl Stone Soup version 0.31-a0-931-g7b59d4eb97 (webtiles) character file.

Game seed: 6999384465161650568

2 Forgeling the Sneak (level 1, 0/15 HPs)
             Began as a Naga Enchanter on Oct 19, 2023.
             Slain by a jackal (1 damage)
             ... on level 1 of the Dungeon.
             The game lasted 00:00:20 (49 turns).

Forgeling the Sneak (Naga Enchanter)                  Turns: 49, Time: 00:00:21

Health: 0/15       AC:  1    Str: 10    XL:     1   Next: 30%
Magic:  3/3        EV:  9    Int: 15    God:
Gold:   0          SH:  0    Dex: 11    Spells: 4/4 levels left

rFire   . . .        a - +1 dagger
rCold   . . .        (no shield)
rNeg    . . .        b - +0 robe
rPois   +            (no helmet)
rElec   .            (no cloak)
rCorr   .            (no gloves)
SInv    +            (no barding)
Will    .....        (no amulet)
Stlth   ++           (no ring)
HPRegen 0.22/turn    (no ring)
MPRegen 0.08/turn

%: no passive effects
@: short of breath, very slow
A: AC +0, large, see invisible, deformed body, poison resistance, slowness 2,
spit poison 1, naga tail 1
a: Spit Poison


You were on level 1 of the Dungeon.
You visited 1 branch of the dungeon, and saw 1 of its levels.

Inventory:

Hand Weapons
 a - a +1 dagger (weapon)
Armour
 b - a +0 robe (worn)
Potions
 c - a potion of lignification {unknown}
 I - 2 potions of invisibility


   Skills:
 - Level 1.0 Short Blades
 - Level 1.5 Dodging
 - Level 4.4 Stealth
 - Level 2.0 Spellcasting
 + Level 3.1 Hexes


You had 4 spell levels left.
You didn't know any spells.
Your spell library contained the following spells:

 Spells                   Type           Power      Damage    Failure   Level
 Ensorcelled Hibernation  Hex/Ice        12%        N/A       19%         2
 Confusing Touch          Hex            10%        N/A       19%         3
 Tukima's Dance           Hex            10%        N/A       19%         3
 Dazzling Flash           Conj/Hex       12%        N/A       34%         3


Dungeon Overview and Level Annotations

Branches:
Dungeon (1/15)

Altars:


Innate Abilities, Weirdness & Mutations

Your serpentine skin is tough. (AC +0)
You have supernaturally acute eyesight. (SInv)
Armour fits poorly on your strangely shaped body.
Your system is resistant to poisons. (rPois)
You cover ground very slowly.
You can spit poison.
You have a snake-like lower body.


Message History

A jackal comes into view.
The jackal bites you.
You miss the jackal.
The jackal barks!
A jackal comes into view.
A bat comes into view.
The jackal attacks as it pursues you! The jackal bites you.
The jackal attacks as it pursues you! The jackal bites you.
You barely miss the jackal. The jackal bites you.
You hit the jackal but do no damage. The jackal bites you. x2
Aiming: Spit Poison (3% risk of failure)
Press: ? - help, Shift-Dir - straight line, f - jackal
Aim: a jackal (43% to hit)
The splash of poison hits the jackal.
The jackal is lightly wounded.
You hit the jackal.
The jackal is heavily wounded.
The jackal bites you.
You hit the jackal but do no damage.
The jackal is heavily wounded.
The jackal bites you.
* * * LOW HITPOINT WARNING * * *
You hit the jackal.
You kill the jackal!
You closely miss the bat. You hit the bat.
You kill the bat!
The jackal bites you.
* * * LOW HITPOINT WARNING * * *
You miss the jackal. The jackal bites you.
* * * LOW HITPOINT WARNING * * *
You closely miss the jackal.
You have got your breath back.
You hit the jackal but do no damage. The jackal bites you.
* * * LOW HITPOINT WARNING * * *
Aiming: Spit Poison (3% risk of failure)
Press: ? - help, Shift-Dir - straight line, f - jackal
Aim: a jackal (43% to hit)
The splash of poison misses the jackal.
The jackal bites you.
You die...

.##..... ...... .... ..#
##.# ######### ##..######
#####6#o#6#f# #.....bh.h.
#O#6############h#######..
#####.......#g##@##
......#####.###...###
..#####Q#g#.....>.#x#
###i#x#########...###
#n##### #^#^##+## ###
#####


You could see an octopode and a jackal.

Vanquished Creatures
  A jackal (D:1)
  A bat (D:1)
2 creatures vanquished.

Notes
Turn   | Place    | Note
-------+----------+-------------------------------------------
     0 | D:1      | Forgeling the Naga Enchanter began the quest for the Orb.
     0 | D:1      | Reached XP level 1. HP: 15/15 MP: 3/3
     0 | D:1      | Noticed a merfolk
     1 | D:1      | Noticed a felid
     4 | D:1      | Noticed a tengu
     4 | D:1      | Noticed a demigod
     7 | D:1      | Noticed a minotaur
     8 | D:1      | Noticed a ghoul
     9 | D:1      | Noticed an ogre
    12 | D:1      | Noticed a demonspawn
    12 | D:1      | Noticed a spriggan
    14 | D:1      | Noticed a demonspawn
    14 | D:1      | Noticed an octopode
    16 | D:1      | Noticed a tengu
    18 | D:1      | Noticed a demonspawn
    20 | D:1      | Noticed a vine stalker
    22 | D:1      | Noticed an octopode
    49 | D:1      | Slain by a jackal

Illustrated notes

Levels and vault maps discovered:
D:1:      shiori_arrival_whats_in_store_for_you, layout_basic

Action                     || total
---------------------------++-------
  Melee: Dagger            ||    12
Ability: Spit Poison       ||     2
 Armour: Robe              ||    15
  Dodge: Dodged            ||     9

Table legend: (Time is in decaauts)
 A = Elapsed time spent in this place.
 B = Non-inter-level travel time spent in this place.
 C = Inter-level travel time spent in this place.
 D = Time resting spent in this place.
 E = Time spent auto-exploring this place.
 F = Levels seen in this place.
 G = Mean time per level.
                   A        B        C        D        E       F      G
               +--------+--------+--------+--------+--------+-----+--------+
         Total |     62 |     62 |      0 |      0 |     38 |   1 |   62.0 |
       Dungeon |     62 |     62 |      0 |      0 |     38 |   1 |   62.0 |
               +--------+--------+--------+--------+--------+-----+--------+

Top non-repeatable levels by time:
     D:1: 62 daAuts
